Map: Emerald City CE

Players

Bahou

  • Race: Protoss Protoss
  • Spawn Location: 5:00

Chocapic

  • Race: Terran Terran
  • Spawn Location: 5:00

Ekelpack

  • Race: Zerg Zerg
  • Spawn Location: 11:00

Nyck

  • Race: Terran Terran
  • Spawn Location: 11:00

VOD

Have the link to the VOD?

Description

Time

  • Played on: March 26, 2025, 4:35 p.m.
  • Length: 22:46
Show
View Real Time Build Order
Export as new Build Order

Bahou Protoss 

Build Orders:  

Get SALT Encoding   

  12  0:00  Probe  
  13  0:13  Probe  
  14  0:23  Pylon  
  14  0:25  Probe  
  15  0:41  Forge  
  15  0:44  Probe  
  16  0:57  Probe  
  17  1:10  Pylon  
  17  1:12  Probe  
  18  1:21  Assimilator  
  18  1:24  Probe  
  18  1:25  Pylon  
  19  1:26  Pylon  
  19  1:32  Photon Cannon  
  19  1:44  Probe  
  20  2:00  Nexus  
  20  2:23  Probe  
  20  2:26  Assimilator  
  21  2:34  Gateway  
  21  2:40  Probe  
  21  2:43  Pylon  
  22  3:04  Photon Cannon  
  22  3:10  Pylon  
  22  3:17  Pylon  
  22  3:27  Cybernetics Core  
  22  3:29  Pylon  
  22  3:31  Probe  
  22  3:34  Probe  
  24  3:44  Probe  
  24  3:45  Protoss Ground Weapons Level 1  
  24  3:46  Probe  
  26  3:51  Assimilator  
  26  3:56  Assimilator, Gateway, Probe  
  26  3:58  Probe  
  28  4:08  Probe  
  29  4:10  Probe  
  30  4:18  Shield Battery  
  30  4:20  Probe  
  30  4:21  Warp Gate  
  31  4:24  Gateway  
  31  4:28  Robotics Facility  
  31  4:31  Gateway  
  31  4:36  Pylon, Probe x2  
  31  4:44  Probe x2  
  35  4:53  Sentry x2  
  35  4:54  Probe x2  
  41  5:04  Probe x2  
  41  5:06  Forge  
  43  5:12  Probe x2  
  43  5:20  Probe x2  
  45  5:23  Observer  
  48  5:32  Pylon  
  48  5:33  Pylon, Probe  
  49  5:39  Probe  
  49  5:40  Pylon  
  50  5:43  Pylon  
  50  5:45  Probe  
  50  5:49  Immortal  
  55  5:51  Probe  
  56  6:07  Protoss Shields Level 1  
  56  6:12  Nexus  
  56  6:13  Zealot  
  56  6:17  Probe x2  
  60  6:24  Twilight Council  
  60  6:27  Robotics Bay  
  60  6:28  Protoss Ground Armor Level 1  
  60  6:33  Probe x2  
  62  6:43  Photon Cannon  
  62  6:46  Photon Cannon  
  62  6:53  Stalker x2  
  66  6:54  Pylon  
  66  7:02  Stalker x2  
  70  7:09  Pylon  
  65  7:23  Stalker x2  
  63  7:35  Shield Battery, Probe x2  
  63  7:37  Blink  
  65  7:43  Photon Cannon  
  65  7:45  Pylon  
  65  7:47  Probe  
  65  7:48  Probe  
  67  7:51  Protoss Ground Weapons Level 2  
  67  7:52  Stalker x3  
  67  7:53  Stalker  
  67  7:57  Photon Cannon  
  75  8:00  Probe x2  
  77  8:19  Colossus  
  77  8:23  Protoss Shields Level 2  
  77  8:25  Nexus  
  83  8:43  Probe x2  
  85  8:51  Probe x2  
  87  9:01  Probe x2  
  87  9:05  Nexus  
  87  9:06  Extended Thermal Lance  
  89  9:15  Pylon  
  89  9:17  Assimilator  
  89  9:19  Pylon  
  89  9:21  Assimilator, Probe  
  89  9:23  Probe  
  91  9:34  Probe  
  91  9:35  Gateway, Probe  
  91  9:37  Shield Battery  
  93  9:43  Photon Cannon  
  93  9:47  Pylon  
  93  9:49  Probe x3  
  96  9:55  Stalker  
  96  9:56  Stalker  
  100  10:05  Gateway  
  100  10:13  Stalker x2  
  103  10:18  Protoss Ground Weapons Level 3  
  101  10:30  Gateway  
  101  10:32  Gateway  
  101  10:34  Gateway, Pylon  
  101  10:37  Pylon  
  101  10:38  Pylon  
  101  10:48  Photon Cannon  
  101  10:56  Photon Cannon  
  101  10:59  Probe x3, Photon Cannon  
  104  11:05  Photon Cannon  
  104  11:08  Nexus  
  104  11:11  Assimilator, Colossus  
  104  11:12  Assimilator  
  104  11:18  Stalker x3  
  105  11:19  Stalker x2  
  105  11:21  Protoss Shields Level 3  
  105  11:22  Charge  
  117  11:42  Zealot x5  
  117  11:45  Zealot  
  129  11:59  Robotics Facility  
  129  12:02  Pylon x2  
  127  12:32  Stalker x6  
  127  12:33  Stalker x3  
  127  12:36  Colossus  
  151  12:52  Colossus  
  151  12:56  Protoss Ground Armor Level 2  
  146  13:26  Colossus  
  102  13:34  Zealot x2  
  102  13:35  Zealot x6  
  102  13:36  Zealot, Colossus  
  102  14:05  Stalker x5  
  102  14:06  Stalker x2  
  116  14:10  Colossus  
  116  14:16  Robotics Facility  
  116  14:19  Probe x2  
  116  14:20  Immortal  
  128  14:40  Nexus  
  128  14:46  Templar Archives  
  128  14:48  Pylon  
  128  14:49  Pylon  
  128  14:59  Immortal  
  132  15:02  Stalker x2  
  132  15:03  Stalker x5  
  132  15:04  Stalker  
  148  15:10  Immortal  
  151  15:22  Nexus  
  151  15:29  Protoss Ground Armor Level 3  
  151  15:33  Psionic Storm  
  151  15:36  High Templar x3  
  151  15:38  High Templar  
  151  15:39  High Templar  
  151  15:40  High Templar  
  151  15:42  High Templar  
  165  15:43  High Templar  
  165  15:45  High Templar  
  165  15:47  Archon x2  
  165  15:48  Archon  
  165  15:49  Archon  
  169  16:03  Probe  
  169  16:04  Assimilator  
  170  16:06  Assimilator, Immortal  
  170  16:08  Immortal  
  178  16:21  Zealot x3  
  184  16:37  Pylon  
  180  16:41  Pylon  
  180  16:43  Pylon  
  180  17:01  Nexus  
  180  17:04  Assimilator  
  180  17:08  Assimilator  
  180  17:10  Pylon  
  180  17:13  Pylon, Photon Cannon  
  180  17:15  Pylon, Photon Cannon  
  180  17:19  Photon Cannon  
  180  17:23  Photon Cannon  
  180  17:26  Shield Battery  
  180  17:27  Photon Cannon  
  174  17:41  Stalker x5  
  156  18:01  Stalker x4  
  114  18:18  Zealot x3  
  114  18:19  Zealot x2  
  70  18:28  Zealot x4  
  61  18:40  High Templar x5  
  66  19:00  Nexus  
  51  19:03  Assimilator  
  51  19:08  Assimilator  
  51  19:09  Archon x2  
  43  19:10  Pylon  
  43  19:12  Immortal x2  
  37  19:57  Immortal  
  37  19:58  Immortal x2  
  49  20:02  Zealot x4  
  49  20:03  Zealot x4  
  65  20:14  Probe  
  66  20:22  Probe  
  66  20:26  Probe, Immortal  
  66  20:27  Immortal  
  68  20:32  Probe  
  69  20:37  Immortal  
  69  20:38  Probe  
  69  20:41  High Templar x4  
  69  20:42  High Templar x3  
  96  20:44  Probe  
  97  20:50  Probe  
  97  20:51  Archon x2  
  97  20:56  Colossus x2  
  98  21:02  Probe  
  111  21:14  Probe  
  111  21:15  Probe x2, Colossus  
  111  21:16  Probe x2  
  122  21:21  Assimilator  
  122  21:26  Probe  
  122  21:27  Probe  
  122  21:28  Probe x3  
  119  21:43  High Templar x3  
  119  21:44  Zealot x2  
  129  21:47  Archon  
  129  21:59  Pylon  
  129  22:04  Photon Cannon  
Show
View Real Time Build Order
Export as new Build Order

Chocapic Terran 

Build Orders:  

Get SALT Encoding   

  12  0:00  SCV  
  13  0:13  SCV  
  14  0:26  Supply Depot  
  14  0:32  SCV  
  15  0:48  SCV  
  16  1:00  SCV  
  16  1:03  Barracks  
  17  1:06  Refinery  
  17  1:12  SCV  
  18  1:24  SCV  
  19  1:35  Command Center  
  19  1:37  SCV  
  20  1:51  Orbital Command  
  20  1:54  Barracks Tech Lab  
  20  2:18  Engineering Bay  
  20  2:19  SCV  
  21  2:25  Refinery  
  21  2:31  SCV  
  22  2:39  Factory  
  22  2:44  SCV  
  23  2:56  SCV  
  24  3:03  Barracks  
  26  3:05  Marauder  
  26  3:07  Orbital Command  
  26  3:12  Barracks  
  26  3:13  SCV  
  27  3:26  Factory Tech Lab  
  27  3:29  Supply Depot  
  27  3:31  Barracks, Marauder  
  29  3:45  SCV  
  29  3:48  SCV  
  31  3:51  Concussive Shells  
  31  3:52  Marauder  
  33  4:00  SCV  
  33  4:01  Barracks Reactor  
  34  4:07  SCV  
  34  4:09  Supply Depot  
  35  4:12  SCV  
  37  4:24  SCV  
  37  4:31  Refinery  
  37  4:32  Starport  
  37  4:33  Combat Shield  
  37  4:36  SCV  
  37  4:38  Barracks Reactor  
  38  4:40  Engineering Bay  
  38  4:48  SCV, Refinery  
  39  4:56  Barracks Reactor  
  39  5:00  SCV  
  39  5:03  Command Center  
  40  5:08  Siege Tank  
  40  5:09  Marine x2  
  40  5:11  Starport Reactor  
  40  5:12  SCV  
  46  5:17  Engineering Bay  
  46  5:24  SCV  
  46  5:35  Marine  
  46  5:36  SCV, Marine x2  
  46  5:39  Supply Depot  
  46  5:41  Supply Depot  
  50  5:42  Armory  
  50  5:45  Terran Infantry Weapons Level 1  
  50  5:49  SCV, Terran Infantry Armor Level 1  
  51  5:53  Marine  
  51  5:54  Marine  
  53  5:58  Stimpack  
  53  6:01  SCV  
  54  6:08  Medivac  
  56  6:13  SCV, Marine  
  58  6:25  SCV  
  59  6:27  Orbital Command  
  59  6:37  SCV  
  60  6:40  SCV  
  60  6:41  Command Center  
  60  6:44  Missile Turret  
  60  6:45  Missile Turret  
  60  6:46  Marine  
  62  6:47  Marine x2  
  62  6:49  SCV  
  62  6:51  Marine  
  62  6:52  SCV, Marine  
  68  6:55  SCV  
  69  7:01  SCV  
  69  7:04  Marine x2  
  69  7:05  Marine x3  
  69  7:07  SCV  
  76  7:09  Marine x2  
  76  7:15  SCV, Missile Turret  
  79  7:18  SCV  
  79  7:21  SCV, Missile Turret  
  79  7:22  Marine x3  
  82  7:23  Marine  
  85  7:39  Supply Depot  
  85  7:41  Supply Depot  
  85  7:44  Supply Depot  
  85  7:50  Marine x5, Cyclone  
  93  7:52  Marine x2, Factory  
  93  7:53  SCV, Starport  
  93  7:54  Medivac, Missile Turret, Viking  
  93  7:56  SCV  
  101  8:06  Planetary Fortress  
  101  8:07  Marine x4  
  101  8:08  SCV  
  101  8:09  SCV x2  
  101  8:11  Marine x2  
  109  8:24  Viking  
  109  8:25  SCV, Refinery  
  112  8:30  Missile Turret  
  112  8:31  SCV x2  
  114  8:36  Cyclone  
  114  8:37  SCV, Starport Reactor, Missile Turret  
  114  8:39  Factory Tech Lab  
  114  8:41  Medivac  
  120  8:42  Marine  
  120  8:43  SCV  
  122  8:50  Refinery  
  122  8:54  Marine x2  
  122  8:55  Marauder  
  118  8:57  Marine x3  
  118  8:59  Marine  
  101  9:08  Cyclone  
  96  9:11  SCV  
  96  9:12  Marine x2  
  96  9:15  Marine x3  
  96  9:16  SCV, Missile Turret, Marauder  
  105  9:17  Marine  
  105  9:21  SCV  
  105  9:22  Refinery  
  107  9:25  SCV  
  107  9:29  Marine  
  107  9:30  Marine  
  110  9:33  Marine x3  
  110  9:35  Marine  
  110  9:37  Marine, Terran Infantry Armor Level 2  
  110  9:38  Supply Depot, Terran Infantry Weapons Level 2  
  115  9:40  Refinery  
  115  9:43  Cyclone x2  
  115  9:44  Barracks  
  122  9:45  SCV  
  122  9:47  SCV, Marine  
  122  9:48  Marine  
  122  9:50  SCV  
  122  9:51  Marine x3  
  122  9:52  SCV  
  130  9:53  Marine  
  130  9:59  SCV  
  132  10:01  Missile Turret  
  132  10:03  SCV  
  132  10:06  Marine x2, Missile Turret  
  137  10:07  Marauder  
  137  10:08  Marine  
  137  10:09  Marine x2  
  140  10:31  Supply Depot, Viking, Marauder, Medivac x2  
  140  10:35  Supply Depot  
  148  10:37  Supply Depot  
  148  10:50  Supply Depot, Terran Ship Weapons Level 1  
  148  10:52  SCV, Marine x6  
  148  10:53  Command Center  
  148  10:56  Viking  
  148  10:57  Marauder  
  159  10:58  Thor  
  159  10:59  SCV  
  159  11:01  Viking x2  
  159  11:03  SCV x2  
  172  11:11  SCV, Marine x3  
  172  11:12  SCV  
  172  11:15  SCV  
  172  11:18  Marauder  
  180  11:20  Missile Turret  
  180  11:39  Marine x2  
  180  11:40  Marine x3  
  180  11:41  Marine  
  180  11:42  Marauder  
  148  11:57  SCV x2, Marine x2  
  148  11:58  Marine x3  
  148  11:59  SCV, Marine  
  148  12:00  SCV  
  158  12:03  Marauder  
  158  12:05  Missile Turret  
  160  12:09  Siege Tank x2, SCV  
  160  12:11  Terran Infantry Armor Level 3, SCV, Terran Infantry Weapons Level 3  
  160  12:15  Marine x2  
  170  12:16  Supply Depot, Marine x3  
  170  12:17  Marine  
  170  12:22  Supply Depot  
  174  12:25  Marauder  
  174  12:29  Liberator x2, Medivac x2  
  186  12:32  Marine x2  
  186  12:34  Marine x3  
  186  12:35  Marine  
  192  12:41  Siege Tank  
  192  12:43  SCV x2  
  197  12:46  Marauder  
  197  12:50  Orbital Command, Marine, Missile Turret  
  200  13:11  Terran Vehicle And Ship Armor Level 1, Missile Turret  
  200  13:15  Barracks Reactor  
  200  13:16  Supply Depot  
  181  13:30  Marine x4  
  178  13:40  Marine x2  
  178  13:41  Marauder  
  166  13:42  Liberator, Medivac x3  
  166  13:48  Marine x3  
  168  13:58  Marine x2  
  168  13:59  Marine  
  168  14:02  Marauder  
  152  14:07  Marine x3  
  132  14:12  Viking  
  132  14:14  Marine x2  
  132  14:16  Marine x3  
  122  14:17  Liberator  
  122  14:18  Medivac  
  122  14:20  Siege Tank x2  
  122  14:23  Marauder  
  135  14:24  SCV, Marine, Missile Turret  
  135  14:25  Marine x2, Medivac  
  141  14:32  Marine x2  
  141  14:34  SCV, Marine x3  
  141  14:36  Refinery  
  141  14:37  Refinery  
  147  14:42  Liberator, Marine x2  
  147  14:43  Marine  
  147  14:45  Marauder  
  155  14:46  SCV  
  155  14:49  Marine  
  155  14:50  Marine  
  155  14:52  Siege Tank x2, Marine x3  
  164  14:53  Armory  
  167  15:00  Marine x3  
  167  15:05  Terran Ship Weapons Level 2  
  167  15:06  Marauder  
  172  15:07  Marine  
  172  15:08  Marine  
  172  15:09  Marine  
  172  15:10  Marine x2  
  177  15:19  Viking x3  
  180  15:24  Thor x2  
  180  15:27  Marauder  
  194  15:33  Missile Turret  
  193  15:45  Marine x2  
  193  15:46  Marine x5  
  200  16:18  SCV x3  
  188  16:19  SCV  
  176  16:39  Marine x4, Marauder  
  178  16:40  SCV  
  179  16:47  SCV x3  
  179  16:48  SCV  
  183  16:55  SCV  
  183  17:00  SCV  
  183  17:01  Marine x4, Marauder  
  189  17:11  Marine x3  
  189  17:12  SCV  
  125  17:22  Marauder  
  109  17:23  Marine x5  
  109  17:25  SCV  
  109  17:26  Thor x2  
  109  17:29  Marine x2, Terran Vehicle And Ship Armor Level 2, Terran Ship Weapons Level 3  
  129  17:41  Liberator, Viking x2  
  129  17:42  Liberator  
  129  17:43  Marauder  
  139  17:57  Marine x4  
  142  18:02  Marine x3  
  142  18:03  Marine  
  142  18:05  Marauder  
  137  18:09  Thor x2  
  137  18:11  Liberator, Viking  
  143  18:15  Marine x3  
  143  18:16  Marine  
  146  18:20  Marine x4  
  146  18:24  Viking  
  146  18:26  Marauder  
  154  18:29  Factory  
  154  18:32  Factory  
  154  18:33  Marine x4  
  158  18:38  Marine x2  
  158  18:40  Marine x2  
  162  18:42  Medivac x2  
  162  18:46  SCV x2  
  162  18:47  SCV, Marauder  
  171  18:52  Thor x2  
  171  18:54  Medivac x2  
  185  19:03  Marine x4  
  185  19:05  Marine x2  
  185  19:06  Marine  
  185  19:09  Marauder  
  169  19:12  Liberator, Medivac  
  169  19:13  Marine  
  145  19:20  Marine  
  145  19:21  Marine x3  
  145  19:23  Marine x3  
  145  19:24  Liberator, Medivac  
  138  19:30  Marauder  
  138  19:31  Marine  
  143  19:34  Thor  
  143  19:35  Thor  
  154  19:38  Marine x2  
  154  19:39  Marine x2  
  154  19:41  Marine x3  
  154  19:42  Liberator  
  163  19:49  Marine  
  163  19:52  Marauder  
  166  19:53  Liberator  
  166  19:56  Marine x3  
  166  19:57  Marine  
  166  19:59  Marine x3  
  165  20:06  Marine  
  160  20:08  SCV  
  160  20:13  Marauder, Medivac  
  165  20:14  Marine x4  
  165  20:17  Marine x3  
  165  20:18  Siege Tank x2  
  165  20:19  Factory Tech Lab x2  
  178  20:24  Marine  
  179  20:32  Marine x4  
  179  20:34  Marauder  
  179  20:35  Marine x2  
  187  20:39  Marine  
  187  20:42  Marine  
  189  20:49  Marine  
  189  20:50  Siege Tank, Marine x3  
  189  20:52  Marine  
  189  20:53  Marine  
  189  20:56  Marauder  
  200  20:57  Marine  
  200  21:00  Marine  
  178  21:07  Marine x2  
  178  21:08  Marine x2  
  178  21:10  Marine x2  
  169  21:15  Marine  
  169  21:17  Liberator, Marauder  
  169  21:18  Marine, Liberator, Medivac x2  
  181  21:25  Marine x3  
  177  21:26  Marine  
  177  21:28  Marine x2  
  167  21:33  Marine  
  167  21:35  Marine  
  167  21:39  Marauder  
  171  21:43  Marine x4  
  171  21:46  Marine x2  
  177  21:50  Marine  
  177  21:53  Marine  
  179  22:00  Marauder  
  179  22:01  Marine x4  
  182  22:04  Marine x2  
  187  22:08  Marine  
  187  22:11  Marine  
  189  22:19  Marine x4  
  189  22:21  Marine, Marauder  
  189  22:22  Marine  
  197  22:26  Marine  
Show
View Real Time Build Order
Export as new Build Order

Ekelpack Zerg 

Build Orders: Hatch First 

Get SALT Encoding   

  12  0:00  Drone  
  13  0:12  Overlord  
  13  0:17  Drone  
  14  0:31  Drone x2  
  16  0:39  Drone  
  17  0:53  Hatchery  
  17  0:56  Drone  
  17  1:00  Drone  
  18  1:29  Spawning Pool  
  17  1:45  Drone  
  17  1:46  Drone x2  
  20  1:49  Extractor  
  19  2:20  Zergling x2  
  19  2:21  Zergling x8  
  24  2:23  Queen x2  
  28  2:33  Overlord  
  27  2:53  Drone x3  
  29  3:05  Drone  
  30  3:15  Lair  
  30  3:16  Drone  
  30  3:17  Drone x2  
  33  3:20  Drone, Extractor  
  33  3:23  Extractor  
  32  3:38  Drone x4  
  36  3:45  Extractor  
  35  3:53  Drone  
  36  4:05  Overlord  
  36  4:15  Spire  
  36  4:16  Drone  
  36  4:24  Drone x2  
  36  4:25  Drone x3  
  36  4:26  Overlord  
  36  4:28  Drone x2  
  36  4:29  Drone  
  44  4:38  Overlord  
  44  4:46  Zergling x10  
  44  4:51  Drone x2  
  51  4:54  Drone  
  51  4:57  Overlord  
  51  4:59  Drone  
  53  5:01  Overlord  
  53  5:09  Metabolic Boost  
  53  5:30  Mutalisk  
  53  5:31  Mutalisk x6  
  67  5:38  Queen  
  69  5:49  Hatchery  
  68  5:53  Overlord x2  
  68  6:08  Overlord x2, Mutalisk x2  
  68  6:09  Mutalisk x2  
  76  6:14  Zerg Flyer Weapons Level 1  
  76  6:22  Drone x6  
  82  6:38  Mutalisk x2  
  86  6:41  Zergling x2  
  86  6:42  Drone x2  
  89  7:01  Extractor  
  89  7:03  Extractor  
  89  7:04  Drone  
  88  7:09  Mutalisk x2  
  88  7:10  Overlord x2, Mutalisk  
  94  7:22  Overseer  
  94  7:41  Drone x4  
  94  7:42  Drone x2, Overlord  
  94  7:43  Overlord x2  
  100  8:10  Mutalisk x3  
  100  8:11  Mutalisk x5  
  116  8:27  Zergling x2, Overlord  
  116  8:28  Zergling x14, Infestation Pit  
  116  8:32  Evolution Chamber  
  122  8:35  Evolution Chamber  
  78  9:10  Mutalisk x6  
  78  9:11  Mutalisk x3  
  78  9:12  Zergling x6  
  78  9:13  Zergling x10  
  104  9:22  Queen  
  106  9:30  Zerg Melee Weapons Level 1  
  106  9:31  Hatchery, Zerg Ground Armor Level 1  
  105  9:44  Zergling x12  
  111  9:58  Zergling x6  
  111  9:59  Zergling x12  
  119  10:00  Zergling x4  
  120  10:19  Overlord  
  120  10:20  Overlord x2  
  120  10:32  Overlord x2  
  120  10:37  Hive  
  120  10:46  Drone x3  
  120  10:47  Drone x6  
  120  10:48  Overlord x3  
  129  11:14  Extractor  
  129  11:16  Extractor  
  127  11:20  Zergling x8  
  127  11:21  Zergling x8  
  135  11:31  Zergling x4  
  135  11:32  Zergling x12  
  143  11:33  Zergling x8  
  121  11:52  Zergling x2  
  120  12:06  Zerg Melee Weapons Level 2, Zerg Ground Armor Level 2  
  120  12:09  Adrenal Glands  
  120  12:15  Ultralisk Cavern  
  115  12:20  Mutalisk x3  
  115  12:21  Mutalisk x7  
  115  12:22  Mutalisk x2  
  131  12:42  Zergling x2  
  131  12:43  Zergling x6  
  135  12:47  Drone  
  135  12:48  Drone x4  
  135  12:51  Drone x3  
  129  13:06  Ultralisk x4  
  129  13:07  Ultralisk  
  102  13:52  Ultralisk x2  
  102  13:53  Ultralisk  
  87  14:13  Ultralisk x2  
  99  14:32  Drone x3  
  102  14:46  Hatchery, Drone  
  102  14:58  Drone  
  103  15:01  Drone x4  
  107  15:18  Ultralisk x2  
  109  15:43  Ultralisk x3  
  127  15:50  Drone x3  
  130  16:01  Drone  
  131  16:11  Chitinous Plating  
  131  16:13  Zerg Melee Weapons Level 3  
  131  16:21  Zerg Ground Armor Level 3  
  131  16:27  Drone x2  
  133  16:39  Drone  
  134  16:48  Ultralisk x2  
  146  16:56  Drone  
  146  16:58  Extractor  
  146  17:00  Extractor  
  145  17:04  Extractor  
  145  17:06  Hatchery  
  127  17:29  Anabolic Synthesis  
  127  17:30  Ultralisk  
  127  17:31  Zergling x14, Ultralisk  
  124  17:59  Zergling x12  
  124  18:00  Zergling x14  
  124  18:01  Zergling x12  
  124  18:02  Zergling x2  
  83  18:18  Drone  
  84  18:40  Ultralisk x2  
  96  19:00  Hatchery  
  94  19:19  Extractor  
  81  19:24  Zergling x10  
  81  19:25  Zergling x12  
  81  19:26  Zergling x8  
  83  19:41  Zergling x2  
  83  19:42  Ultralisk x2  
  90  19:52  Zergling x10  
  95  19:53  Zergling x4  
  90  20:00  Extractor  
  90  20:03  Extractor  
  87  20:18  Drone x2  
  89  20:21  Drone  
  89  20:28  Ultralisk x5  
  120  20:42  Drone x2  
  122  20:46  Drone x3  
  104  21:10  Ultralisk x3  
  104  21:11  Ultralisk  
  110  21:15  Drone  
  87  21:35  Ultralisk  
  87  21:36  Ultralisk x2  
  87  21:39  Drone  
  100  21:40  Drone x4  
  104  21:48  Ultralisk  
  110  22:06  Ultralisk x2  
  107  22:19  Zergling x4  
  107  22:20  Zergling x10  
  107  22:21  Zergling x12  
Show
View Real Time Build Order
Export as new Build Order

Nyck Terran 

Build Orders: Command Center First 

Get SALT Encoding   

  12  0:00  SCV  
  13  0:12  SCV  
  14  0:17  Supply Depot  
  14  0:25  SCV  
  15  0:39  SCV  
  16  0:59  Command Center  
  16  1:03  SCV  
  17  1:14  Barracks  
  17  1:27  Barracks  
  17  1:33  Refinery  
  17  1:35  SCV  
  18  2:09  SCV  
  19  2:18  SCV  
  19  2:22  Marine x2  
  22  2:27  Barracks  
  22  2:29  SCV  
  23  2:37  SCV  
  23  2:39  Marine  
  23  2:40  Marine  
  25  2:57  Marine x2  
  27  3:00  SCV x2  
  29  3:16  Orbital Command  
  29  3:17  Orbital Command  
  29  3:25  Factory  
  29  3:26  Barracks Tech Lab, Barracks Reactor  
  29  3:29  Barracks Reactor  
  29  3:42  SCV x2  
  29  3:47  Refinery  
  31  3:51  Refinery  
  31  3:54  SCV x2  
  33  4:07  Marine x4  
  33  4:08  Marine, Refinery  
  38  4:20  Supply Depot, Factory Reactor  
  38  4:26  Starport  
  38  4:33  Combat Shield  
  38  4:37  Supply Depot  
  38  4:41  SCV x2, Marine x4  
  44  4:50  Marine  
  45  4:54  SCV  
  45  4:58  Supply Depot  
  45  4:59  SCV  
  47  5:12  Engineering Bay  
  47  5:13  SCV x2, Engineering Bay  
  49  5:14  Marine x3  
  49  5:15  Marine x2  
  54  5:22  Medivac  
  54  5:24  Medivac  
  58  5:36  SCV  
  58  5:37  SCV  
  60  5:49  Marine x2  
  61  5:56  Command Center  
  62  6:21  Terran Infantry Weapons Level 1, Terran Infantry Armor Level 1  
  62  6:22  Medivac x2  
  62  6:23  SCV x2  
  62  6:25  Marine x2, Armory  
  70  6:32  Marine x3  
  73  6:33  Supply Depot  
  73  6:43  Marine  
  74  6:48  SCV x2  
  74  6:49  Marine  
  74  6:50  Marine  
  78  6:54  Marine x2  
  78  6:55  Medivac  
  78  6:56  Supply Depot  
  76  7:29  SCV  
  78  7:30  SCV  
  78  7:31  Orbital Command  
  78  7:40  Marine x4  
  78  7:41  Marine  
  78  7:42  SCV x2, Medivac  
  78  7:43  Medivac  
  89  7:55  Supply Depot  
  89  8:03  Starport  
  89  8:05  Marine x4  
  92  8:06  Marine  
  92  8:12  SCV x3, Medivac  
  97  8:13  Medivac  
  101  8:24  SCV x2  
  101  8:25  SCV  
  104  8:48  Marine x3  
  104  8:49  Marine x2  
  104  8:50  Medivac x2  
  113  8:55  SCV  
  113  8:56  SCV x2  
  113  9:02  Refinery  
  116  9:04  Refinery  
  116  9:07  SCV, Barracks  
  117  9:10  Starport Reactor, Terran Infantry Weapons Level 2  
  117  9:11  Terran Infantry Armor Level 2  
  117  9:13  Supply Depot  
  117  9:16  SCV x2  
  119  9:19  Marine x3  
  119  9:20  SCV, Marine x2  
  125  9:31  SCV x2  
  127  9:32  Medivac  
  127  9:33  Medivac  
  131  9:44  Marine x4  
  135  9:46  Marine  
  136  9:55  Barracks  
  123  10:34  Marine x4  
  127  10:36  Barracks Reactor  
  127  10:38  Viking x2  
  127  10:39  Viking x2  
  135  10:43  Terran Vehicle And Ship Armor Level 1  
  135  10:49  Barracks Reactor  
  135  10:53  SCV x3  
  135  10:54  Marine x4  
  142  10:59  Supply Depot  
  142  11:02  Marine  
  143  11:08  SCV x2  
  143  11:09  SCV  
  143  11:10  Viking x4  
  154  11:21  Marine  
  154  11:22  Marine x5  
  154  11:23  Supply Depot  
  154  11:24  Marine  
  161  11:27  SCV x2  
  147  11:34  Command Center  
  144  11:44  Command Center  
  142  11:47  Stimpack  
  142  11:52  Marine x9  
  151  11:57  Viking x2  
  151  11:58  Viking  
  157  12:03  Supply Depot  
  157  12:04  Terran Infantry Armor Level 3, Terran Infantry Weapons Level 3  
  157  12:05  Viking  
  159  12:09  Marine  
  159  12:10  Marine x8  
  168  12:27  Marine, Viking x2  
  168  12:28  Marine x5, Viking  
  180  12:35  Viking  
  182  12:44  Terran Vehicle And Ship Armor Level 2  
  182  12:45  Marine x3  
  182  12:47  Marine x4  
  182  12:48  Marine  
  190  12:52  Planetary Fortress  
  190  12:56  Planetary Fortress  
  112  13:45  Marine x3  
  112  13:46  Marine x6  
  112  13:48  Viking x4  
  97  14:03  Marine x5  
  97  14:04  Marine x4  
  101  14:17  SCV  
  101  14:18  Viking x4  
  101  14:21  Marine x6  
  101  14:22  Marine x3  
  119  14:25  SCV  
  119  14:27  SCV x2  
  119  14:29  SCV  
  123  14:37  SCV  
  124  14:39  Marine x4  
  128  14:46  Marine x3  
  128  14:47  Marine x2  
  128  14:48  Viking  
  128  14:49  Viking x2  
  128  14:50  Viking  
  141  14:59  Marine x3, Refinery  
  144  15:00  Marine  
  145  15:14  Marine  
  145  15:15  Marine x3  
  145  15:16  Marine  
  150  15:31  Viking x4  
  150  15:32  Marine x4  
  150  15:33  Marine x2  
  164  15:36  SCV x2  
  164  15:37  SCV x2  
  164  15:40  Marine x3  
  171  15:57  Fusion Core  
  171  16:01  Marine x8  
  171  16:02  Marine  
  180  16:05  Terran Vehicle And Ship Armor Level 3  
  172  16:19  Marine x4  
  153  16:42  Marine x7  
  153  16:43  Marine x2  
  153  16:46  Caduceus Reactor  
  157  16:48  Medivac  
  157  16:49  Medivac x2  
  163  17:00  Marine x9  
  158  17:17  Marine  
  158  17:18  Marine x7  
  165  17:28  Marine  
  166  17:35  Marine  
  166  17:36  Marine x5  
  125  18:16  Marine x9  
  89  18:38  Marine x3  
  86  19:05  Orbital Command  
  52  19:27  Marine  
  53  19:44  Orbital Command  
  45  19:59  Medivac  
  46  20:00  Medivac  
  46  20:01  Marine x2  
  46  20:02  Marine  
  51  20:07  Marine  
  51  20:10  Marine x4  
  51  20:11  Marine  
  57  20:23  Marine  
  57  20:24  Marine x2  
  57  20:25  Marine  
  57  20:28  Marine x5  
  55  20:41  Marine  
  55  20:42  Marine x2  
  56  20:43  Marine  
  56  20:46  Marine x3  
  56  20:57  Viking x2  
  30  21:26  Marine  
  30  21:27  Marine x8  
  38  21:37  Refinery  
  38  21:39  Refinery  
  36  21:44  Marine  
  36  21:45  Marine x8  
  40  22:02  Marine x3  
  40  22:03  Marine x6  
  36  22:14  Command Center  
  33  22:20  Marine x9  
Tags
 
Add a new tag
Caveats
  • Supply blocks, unpowered buildings, or Contaminate may cause inaccurate times.
  • Supply counts are checked every 10 seconds.